 Dungeon Crawl Stone Soup version 0.31-a0-217-g58bb5d79cf (webtiles) character file.

Game seed: 11146097201814471090

18366 qw the Cleaver (level 12, 0/76 HPs)
             Began as a Gargoyle Fighter on July 2, 2023.
             Was an Elder of Okawaru.
             Slain by a 20-headed hydra (3 damage)
             ... on level 1 of the Lair of Beasts.
             The game lasted 00:07:07 (10861 turns).

qw the Cleaver (Gargoyle Fighter)                  Turns: 10861, Time: 00:07:07

Health: 0/76       AC: 35    Str: 24    XL:     12   Next: 57%
Magic:  14/19      EV:  8    Int: 10    God:    Okawaru [****..]
Gold:   545        SH: 12    Dex:  9    Spells: 11/11 levels left

rFire   . . .        r - +0 broad axe
rCold   . . .        m - +0 kite shield
rNeg    + . .        c - +4 plate armour
rPois   inf          (no helmet)
rElec   +            q - +2 cloak
rCorr   .            (no gloves)
SInv    +            f - +2 pair of boots
Will    .....        n - amulet of the acrobat Stlth
                     k - ring of see invisible
HPRegen 0.32/turn    (no ring)
MPRegen 0.16/turn

%: acrobat
@: heroic, finesse-ful
A: sickness immunity, AC +8, negative energy resistance 1, electricity
resistance, torment resistance 1, petrification resistance
a: Renounce Religion, Heroism, Finesse


You were on level 1 of the Lair of Beasts.
You worshipped Okawaru.
Okawaru was greatly pleased with you.
You visited 3 branches of the dungeon, and saw 13 of its levels.

You collected 725 gold pieces.
You spent 180 gold pieces at shops.


Innate Abilities, Weirdness & Mutations

You are immune to sickness and miasma.
Your stone body is resilient. (AC +8)
You are immune to poison.
You resist negative energy. (rN+)
You are resistant to electric shocks. (rElec)
You are resistant to unholy torment.
You are immune to petrification.


   Skills:
 - Level 9.0(14.0) Fighting
 + Level 11.5(16.5) Axes
 - Level 1.1(6.1) Throwing
 - Level 8.1(13.1) Armour
 - Level 2.0(7.0) Dodging
 - Level 10.0(15.0) Shields
 - Level 10.0 Invocations


You had 11 spell levels left.
You didn't know any spells.
Your spell library was empty.

Inventory:

Hand Weapons
 r - a +0 broad axe (weapon)
Missiles
 a - 2 boomerangs (quivered)
Armour
 c - a +4 plate armour (worn)
 f - a +2 pair of boots (worn)
 m - a +0 kite shield (worn)
 q - a +2 cloak (worn)
 s - the +0 scale mail of Dishonour {rF- rN+ rCorr Int+2}
   (You found it on level 1 of the Lair of Beasts)

   Int:       It affects your intelligence (+2).
   rF:        It makes you vulnerable to fire.
   rN:        It protects you from negative energy.
   rCorr:     It protects you from acid and corrosion.
Jewellery
 k - a ring of see invisible (left hand)
 n - an amulet of the acrobat (around neck)
Wands
 b - a wand of digging (4)
Scrolls
 h - a scroll of identify
Potions
 d - 3 potions of might
 e - a potion of heal wounds
 g - a potion of lignification
 i - a potion of attraction {unknown}
 j - a potion of mutation {unknown}
 l - a potion of berserk rage {unknown}
 o - a potion of haste {unknown}
 p - a potion of enlightenment
 t - a potion of resistance {unknown}
 u - a potion of curing

Dungeon Overview and Level Annotations

Branches:
Dungeon (10/15)            Temple (1/1) D:6            Lair (2/5) D:10
  Swamp: Lair:2-3    Shoals: Lair:2-3     Snake: Lair:2-3    Spider: Lair:2-3
    Orc: D:9-12

Altars:
Ashenzari
Cheibriados
Dithmenos
Elyvilon
Fedhas
Gozag
Hepliaklqana
Kikubaaqudgha
Makhleb
Nemelex Xobeh
Okawaru
Qazlal
Ru
Sif Muna
Trog
Uskayaw
Vehumet
Wu Jian
Xom
Yredelemnul
Zin
The Shining One

Shops:
D:4 =   D:10 (

Annotations:
D:3 2 transporters, qw's ghost, weakling GrFi
D:10 exclusions: orc and 4 orc priests


Message History

The 15-headed hydra bites you but does no damage.
The 15-headed hydra bites you. x2
The 15-headed hydra bites you but does no damage. x5
You block the 15-headed hydra's attack. The 15-headed hydra barely misses you.
The 15-headed hydra bites you but does no damage.
The 15-headed hydra barely misses you.
You chop one of the 15-headed hydra's heads off!
The 14-headed hydra grows two more!
You slice the 16-headed hydra!!
The 16-headed hydra is severely wounded.
You slice one of the 16-headed hydra's heads off!
The 15-headed hydra grows two more!
You hit the 17-headed hydra.
The 17-headed hydra is heavily wounded.
You block the 17-headed hydra's attack. The 17-headed hydra closely misses you.
The 17-headed hydra barely misses you.
The 17-headed hydra bites you but does no damage. x3
The 17-headed hydra barely misses you. You block the 17-headed hydra's attack.
The 17-headed hydra bites you.
The 17-headed hydra bites you but does no damage.
The 17-headed hydra barely misses you.
The 17-headed hydra bites you but does no damage.
The 17-headed hydra barely misses you.
The 17-headed hydra bites you but does no damage.
The 17-headed hydra barely misses you.
The 17-headed hydra bites you but does no damage.
The 17-headed hydra barely misses you.
You lop one of the 17-headed hydra's heads off!
The 16-headed hydra grows two more!
You slash the 18-headed hydra!
The 18-headed hydra is moderately wounded.
You chop one of the 18-headed hydra's heads off!
The 17-headed hydra grows two more!
You slash the 19-headed hydra!
The 19-headed hydra is moderately wounded.
You chop one of the 19-headed hydra's heads off!
The 18-headed hydra grows two more!
You hit the 20-headed hydra.
The 20-headed hydra is lightly wounded.
The 20-headed hydra bites you but does no damage.
The 20-headed hydra bites you!
The 20-headed hydra bites you but does no damage.
You block the 20-headed hydra's attack. The 20-headed hydra bites you!
The 20-headed hydra bites you. x2
You die...

#.....#.#.......## #.........
##.....#........### ##.........
#................####..........
##................P##..........
#.##...........................
####.#.........................
###.......).................
#........D................
##.......@................
#......%.................
##.##....................
####....................
###..................
##..###............ ####
#P........... ###...........
#.#...........


You could see a 20-headed hydra.

Vanquished Creatures
  Erica (D:8)
  A boulder beetle (Lair:1)
  A centaur warrior (D:9)
  Amaemon (D:10)
  An oklob plant (Lair:1)
  Maurice (D:9)
  2 black mambas (Lair:1)
  An elephant (D:10)
  Joseph (D:10)
  An orange demon (D:10)
  2 komodo dragons (Lair:1)
  2 cane toads (Lair:1)
  Maggie (D:6)
  A troll (D:10)
  A merfolk (shapeshifter) (D:10)
  A hornet (D:10)
  Prince Ribbit (D:8)
  10 blink frogs (Lair:1)
  A shadow (D:7)
  A wyvern (D:10)
  29 yaks
  A basilisk (D:10)
  2 wraiths
  Grum (D:8)
  An acid dragon (D:10)
  2 water moccasins (Lair:1)
  A sky beast (D:7)
  2 orc warriors
  2 black bears
  An ice beast (D:6)
  4 wolves (D:8)
  2 ogres
  3 centaurs
  3 phantoms
  2 kobold brigands
  6 bullfrogs
  5 gnoll sergeants
  3 scorpions
  5 wights
  4 killer bees
  2 electric eels (D:10)
  3 howler monkeys
  3 jellies
  6 hounds
  8 orc priests
  2 sleepcaps
  Natasha (thrice) (D:3)
  7 iguanas
  7 orc wizards
  8 adders
  19 gnolls
  2 shadow imps
  A white imp (D:6)
  An ufetubus (D:5)
  3 worms
  2 dart slugs
  46 orcs
  10 ball pythons
  8 bats
  9 endoplasms
  3 giant cockroaches
  15 goblins
  5 hobgoblins
  4 jackals (D:5)
  19 kobolds
  4 quokkas
  7 frilled lizards
  3 rats
  A spectral orc (D:9)
322 creatures vanquished.

Notes
Turn   | Place    | Note
-------+----------+-------------------------------------------
     0 | D:1      | qw the Gargoyle Fighter began the quest for the Orb.
     0 | D:1      | Reached XP level 1. HP: 14/14 MP: 1/1
     0 | D:1      | 0 ||| qw: Version: 0.3-a-40-ge99b1a8
     0 | D:1      | 0 ||| qw: Game counter: 7978
     0 | D:1      | 0 ||| qw: Melee chars always use a shield: true
     0 | D:1      | 0 ||| qw: God list: Okawaru
     0 | D:1      | 0 ||| qw: Allow faded altars: false
     0 | D:1      | 0 ||| qw: Do Orc after clearing Dungeon:15 true
     0 | D:1      | 0 ||| qw: Do second Lair branch before Depths: true
     0 | D:1      | 0 ||| qw: Lair rune preference: random
     0 | D:1      | 0 ||| qw: Goals: Normal, Zot:1-4, Slime:5, God:TSO, Crypt,
                  | Tomb, Abyss, Pan, Hells, Win
     0 | D:1      | 0 ||| PLANNING D:1-11
    81 | D:1      | Reached skill level 2 in Axes
   124 | D:1      | 124 ||| Stepping ~*~*~tactically~*~*~ (hiding).
   127 | D:1      | 127 ||| Stepping ~*~*~tactically~*~*~ (hiding).
   130 | D:1      | 130 ||| Stepping ~*~*~tactically~*~*~ (hiding).
   158 | D:1      | Reached XP level 2. HP: 19/19 MP: 2/2
   216 | D:1      | 216 ||| FLEEEEING.
   217 | D:1      | 217 ||| FLEEEEING.
   218 | D:1      | 218 ||| FLEEEEING.
   324 | D:1      | Reached skill level 3 in Axes
   365 | D:1      | Reached XP level 3. HP: 23/23 MP: 3/3
   455 | D:1      | 455 ||| Stepping ~*~*~tactically~*~*~ (hiding).
   457 | D:1      | 457 ||| Stepping ~*~*~tactically~*~*~ (hiding).
   458 | D:1      | 458 ||| Stepping ~*~*~tactically~*~*~ (hiding).
   459 | D:1      | 459 ||| Stepping ~*~*~tactically~*~*~ (hiding).
   462 | D:1      | 462 ||| Stepping ~*~*~tactically~*~*~ (hiding).
   463 | D:1      | 463 ||| Stepping ~*~*~tactically~*~*~ (hiding).
   464 | D:1      | 464 ||| Stepping ~*~*~tactically~*~*~ (hiding).
   676 | D:1      | 676 ||| READING scroll labelled GEJUMATR WUMNA.
   677 | D:1      | 677 ||| READING scroll labelled YKAOD WOFEREO.
   678 | D:1      | 678 ||| READING 3 scrolls labelled MOIPPID CEUB.
   679 | D:1      | 679 ||| READING scroll labelled HAMABY UNEHO.
   680 | D:1      | 680 ||| READING 2 scrolls of identify.
   680 | D:1      | 680 ||| IDENTIFYING smoky clear potion
   681 | D:1      | 681 ||| DROPPING potion of invisibility.
   729 | D:2      | 729 ||| STAIRDANCE
   748 | D:2      | 748 ||| Stepping ~*~*~tactically~*~*~ (stealth).
   780 | D:2      | 780 ||| Stepping ~*~*~tactically~*~*~ (hiding).
  1075 | D:2      | Reached XP level 4. HP: 26/28 MP: 4/4
  1170 | D:2      | 1170 ||| READING scroll labelled HIUQIGRO BUOMN.
  1171 | D:2      | 1171 ||| READING scroll labelled KOAXIP QIFOKUSI.
  1189 | D:2      | 1189 ||| READING scroll labelled USTRANWIRUUM.
  1369 | D:3      | Reached skill level 4 in Axes
  1493 | D:3      | 1493 ||| DROPPING +0 club.
  1496 | D:3      | Found a transporter.
  1588 | D:3      | Reached XP level 5. HP: 26/32 MP: 5/5
  1710 | D:3      | Noticed Natasha
  1715 | D:3      | HP: 8/32 [Natasha (8)]
  1717 | D:3      | Killed Natasha
  1946 | D:3      | Reached skill level 5 in Axes
  1998 | D:3      | 1998 ||| DROPPING +0 flail.
  2096 | D:3      | Found a transporter.
  2100 | D:3      | Noticed qw's ghost (weakling GrFi)
  2322 | D:3      | Noticed Natasha
  2334 | D:3      | Killed Natasha
  2369 | D:3      | 2369 ||| READING scroll of enchant weapon.
  2369 | D:3      | 2369 ||| ENCHANTING +1 war axe.
  2450 | D:3      | Noticed Natasha
  2451 | D:3      | 2451 ||| Stepping ~*~*~tactically~*~*~ (hiding).
  2452 | D:3      | 2452 ||| Stepping ~*~*~tactically~*~*~ (hiding).
  2459 | D:3      | Killed Natasha
  2460 | D:3      | Reached skill level 1 in Dodging
  2460 | D:3      | Reached XP level 6. HP: 36/38 MP: 6/6
  2613 | D:3      | 2613 ||| UPGRADING to +0 chain mail.
  2623 | D:3      | 2623 ||| DROPPING +0 scale mail.
  2624 | D:3      | 2624 ||| DROPPING +3 ring mail.
  2625 | D:3      | 2625 ||| READING scroll labelled HIYFYPOLIR.
  2626 | D:3      | 2626 ||| READING scroll labelled BEUTRADOGH.
  2627 | D:3      | 2627 ||| DROPPING +0 morningstar of venom.
  2628 | D:3      | 2628 ||| READING scroll labelled EREHUU IJOEDU.
  2881 | D:4      | Reached skill level 6 in Axes
  2940 | D:4      | Reached XP level 7. HP: 38/43 MP: 7/7
  3402 | D:4      | Found Bazi's Jewellery Shop.
  3418 | D:4      | 3418 ||| SHOPLISTING +4 ring of slaying (936 gold, have
                  | 212).
  3418 | D:4      | 3418 ||| SHOPLISTING +5 ring of evasion (432 gold, have
                  | 212).
  3418 | D:4      | 3418 ||| SHOPLISTING amulet of regeneration (360 gold, have
                  | 212).
  3418 | D:4      | 3418 ||| SHOPLISTING ring "Jucudghee" {rC+ Slay+4} (1104
                  | gold, have 212).
  3418 | D:4      | 3418 ||| SHOPLISTING ring of Dymaimog {rPois rF- AC+4 Str+2
                  | Dex+3} (608 gold, have 212).
  3418 | D:4      | 3418 ||| SHOPLISTING ring of ice (300 gold, have 212).
  3418 | D:4      | 3418 ||| SHOPLISTING ring of positive energy (240 gold,
                  | have 212).
  3418 | D:4      | 3418 ||| BUYING ring of see invisible (180 gold).
  3418 | D:4      | Bought a ring of see invisible for 180 gold pieces
  3440 | D:4      | 3440 ||| UPGRADING to +0 cloak.
  3445 | D:4      | 3445 ||| UPGRADING to ring of see invisible.
  3446 | D:4      | 3446 ||| READING 2 scrolls of identify.
  3446 | D:4      | 3446 ||| IDENTIFYING purple potion
  3476 | D:5      | Entered Level 5 of the Dungeon
  3483 | D:5      | Reached skill level 7 in Axes
  3648 | D:5      | Found a shadowy altar of Dithmenos.
  3685 | D:5      | 3685 ||| FLEEEEING.
  3692 | D:5      | 3692 ||| STAIRDANCE
  3742 | D:5      | Reached XP level 8. HP: 32/49 MP: 8/8
  3937 | D:5      | Found a white marble altar of Elyvilon.
  4073 | D:5      | 4073 ||| READING scroll labelled HUAMPU GUCU.
  4074 | D:5      | 4074 ||| DRINKING 2 brown potions.
  4075 | D:5      | 4075 ||| READING 2 scrolls of identify.
  4075 | D:5      | 4075 ||| IDENTIFYING metallic white potion
  4076 | D:5      | 4076 ||| DROPPING potion of degeneration.
  4141 | D:6      | Reached skill level 8 in Axes
  4234 | D:6      | Reached skill level 6 in Fighting
  4238 | D:6      | Found a shimmering altar of Xom.
  4247 | D:6      | Found a staircase to the Ecumenical Temple.
  4248 | D:6      | 4248 ||| PLANNING TEMPLE
  4259 | Temple   | Entered the Ecumenical Temple
  4333 | Temple   | 4333 ||| PLANNING OKAWARU WORSHIP
  4361 | Temple   | Became a worshipper of Warmaster Okawaru
  4362 | Temple   | 4362 ||| PLANNING D:1-11
  4388 | D:6      | 4388 ||| Stepping ~*~*~tactically~*~*~ (hiding).
  4393 | D:6      | Noticed Maggie
  4394 | D:6      | 4394 ||| Stepping ~*~*~tactically~*~*~ (stealth).
  4398 | D:6      | 4398 ||| Stepping ~*~*~tactically~*~*~ (stealth).
  4399 | D:6      | 4399 ||| Stepping ~*~*~tactically~*~*~ (stealth).
  4401 | D:6      | 4401 ||| Stepping ~*~*~tactically~*~*~ (stealth).
  4402 | D:6      | Found a bloodstained altar of Trog.
  4402 | D:6      | Found a burning altar of Makhleb.
  4418 | D:6      | Killed Maggie
  4649 | D:6      | Found an ancient bone altar of Kikubaaqudgha.
  4651 | D:6      | Found a stormy altar of Qazlal.
  4652 | D:6      | Found a radiant altar of Vehumet.
  4699 | D:6      | 4699 ||| Stepping ~*~*~tactically~*~*~ (hiding).
  4718 | D:6      | Reached XP level 9. HP: 31/55 MP: 9/9
  4737 | D:6      | 4737 ||| Stepping ~*~*~tactically~*~*~ (stealth).
  4825 | D:6      | 4825 ||| Stepping ~*~*~tactically~*~*~ (stealth).
  4826 | D:6      | 4826 ||| Stepping ~*~*~tactically~*~*~ (stealth).
  4911 | D:6      | Reached skill level 9 in Axes
  5031 | D:6      | Reached * piety under Okawaru
  5201 | D:7      | 5201 ||| Stepping ~*~*~tactically~*~*~ (stealth).
  5208 | D:7      | 5208 ||| INVOKING Heroism.
  5210 | D:7      | 5210 ||| Stepping ~*~*~tactically~*~*~ (hiding).
  5219 | D:7      | 5219 ||| FLEEEEING.
  5220 | D:7      | 5220 ||| FLEEEEING.
  5240 | D:7      | 5240 ||| FLEEEEING.
  5244 | D:7      | 5244 ||| STAIRDANCE
  5320 | D:7      | Identified the +1 robe of Weirdness {Will+}
  5326 | D:7      | 5326 ||| Stepping ~*~*~tactically~*~*~ (stealth).
  5327 | D:7      | 5327 ||| Stepping ~*~*~tactically~*~*~ (stealth).
  5372 | D:7      | 5372 ||| INVOKING Heroism.
  5383 | D:7      | 5383 ||| INVOKING Heroism.
  5399 | D:7      | 5399 ||| FLEEEEING.
  5400 | D:7      | 5400 ||| FLEEEEING.
  5401 | D:7      | 5401 ||| FLEEEEING.
  5499 | D:7      | Found a flagged portal.
  5553 | D:7      | Reached skill level 1 in Invocations
  5736 | D:7      | 5736 ||| INVOKING Heroism.
  5933 | D:7      | Reached skill level 1 in Throwing
  6113 | D:7      | 6113 ||| UPGRADING to +2 cloak.
  6123 | D:7      | 6123 ||| DROPPING +0 cloak.
  6124 | D:7      | 6124 ||| UPGRADING to amulet of the acrobat.
  6129 | D:7      | 6129 ||| READING scroll labelled QECOMPU ZIEF.
  6130 | D:7      | 6130 ||| DRINKING 2 viscous dark potions.
  6131 | D:7      | 6131 ||| DRINKING 2 lumpy purple potions.
  6132 | D:7      | 6132 ||| DRINKING potion of curing.
  6132 | D:7      | 6132 ||| (to cure confusion)
  6133 | D:7      | 6133 ||| DROPPING potion of ambrosia.
  6163 | D:8      | 6163 ||| Stepping ~*~*~tactically~*~*~ (stealth).
  6164 | D:8      | 6164 ||| Stepping ~*~*~tactically~*~*~ (stealth).
  6165 | D:8      | 6165 ||| Stepping ~*~*~tactically~*~*~ (stealth).
  6166 | D:8      | 6166 ||| Stepping ~*~*~tactically~*~*~ (stealth).
  6167 | D:8      | 6167 ||| Stepping ~*~*~tactically~*~*~ (stealth).
  6174 | D:8      | Reached skill level 3 in Invocations
  6178 | D:8      | 6178 ||| Stepping ~*~*~tactically~*~*~ (stealth).
  6180 | D:8      | 6180 ||| Stepping ~*~*~tactically~*~*~ (stealth).
  6181 | D:8      | 6181 ||| Stepping ~*~*~tactically~*~*~ (stealth).
  6237 | D:8      | Noticed Prince Ribbit
  6238 | D:8      | 6238 ||| INVOKING Heroism.
  6254 | D:8      | Killed Prince Ribbit
  6455 | D:8      | 6455 ||| Stepping ~*~*~tactically~*~*~ (stealth).
  6456 | D:8      | 6456 ||| Stepping ~*~*~tactically~*~*~ (stealth).
  6458 | D:8      | 6458 ||| Stepping ~*~*~tactically~*~*~ (stealth).
  6465 | D:8      | 6465 ||| INVOKING Heroism.
  6471 | D:8      | Reached skill level 10 in Axes
  6471 | D:8      | Reached XP level 10. HP: 20/63 MP: 10/13
  6478 | D:8      | Noticed Erica
  6479 | D:8      | 6479 ||| Stepping ~*~*~tactically~*~*~ (stealth).
  6481 | D:8      | Noticed Grum
  6488 | D:8      | Killed Erica
  6488 | D:8      | Reached ** piety under Okawaru
  6494 | D:8      | Killed Grum
  6690 | D:8      | 6690 ||| Stepping ~*~*~tactically~*~*~ (hiding).
  6777 | D:8      | 6777 ||| Stepping ~*~*~tactically~*~*~ (hiding).
  6778 | D:8      | 6778 ||| Stepping ~*~*~tactically~*~*~ (hiding).
  7023 | D:8      | 7023 ||| FLEEEEING.
  7024 | D:8      | 7024 ||| FLEEEEING.
  7025 | D:8      | 7025 ||| FLEEEEING.
  7026 | D:8      | 7026 ||| FLEEEEING.
  7028 | D:8      | 7028 ||| FLEEEEING.
  7029 | D:8      | 7029 ||| FLEEEEING.
  7030 | D:8      | 7030 ||| FLEEEEING.
  7034 | D:8      | 7034 ||| FLEEEEING.
  7035 | D:8      | 7035 ||| FLEEEEING.
  7036 | D:8      | 7036 ||| FLEEEEING.
  7037 | D:8      | 7037 ||| FLEEEEING.
  7038 | D:8      | 7038 ||| FLEEEEING.
  7042 | D:8      | 7042 ||| FLEEEEING.
  7043 | D:8      | 7043 ||| FLEEEEING.
  7044 | D:8      | 7044 ||| FLEEEEING.
  7045 | D:8      | 7045 ||| FLEEEEING.
  7055 | D:8      | Reached *** piety under Okawaru
  7071 | D:8      | Reached skill level 11 in Axes
  7316 | D:8      | 7316 ||| DROPPING +3 war axe.
  7533 | D:8      | 7533 ||| UPGRADING to +0 kite shield.
  7543 | D:8      | 7543 ||| DROPPING +0 buckler.
  7568 | D:9      | 7568 ||| INVOKING Heroism.
  7676 | D:9      | 7676 ||| Stepping ~*~*~tactically~*~*~ (hiding).
  7685 | D:9      | 7685 ||| Stepping ~*~*~tactically~*~*~ (hiding).
  7721 | D:9      | Reached skill level 6 in Shields
  7770 | D:9      | 7770 ||| Stepping ~*~*~tactically~*~*~ (stealth).
  7777 | D:9      | Noticed Maurice
  7778 | D:9      | 7778 ||| Stepping ~*~*~tactically~*~*~ (hiding).
  7798 | D:9      | Killed Maurice
  7895 | D:9      | Noticed a centaur warrior
  7912 | D:9      | Killed a centaur warrior
  7912 | D:9      | Reached **** piety under Okawaru
  7913 | D:9      | Reached XP level 11. HP: 49/69 MP: 14/14
  8001 | D:9      | Found a basalt altar of Yredelemnul.
  8048 | D:9      | Found a blossoming altar of Fedhas.
  8166 | D:9      | 8166 ||| Stepping ~*~*~tactically~*~*~ (hiding).
  8341 | D:9      | 8341 ||| DROPPING +4 ring mail.
  8342 | D:9      | 8342 ||| UPGRADING to +2 chain mail of poison resistance.
  8352 | D:9      | 8352 ||| DROPPING +0 chain mail.
  8353 | D:9      | 8353 ||| DROPPING 2 potions of brilliance.
  8379 | D:10     | Entered Level 10 of the Dungeon
  8382 | D:10     | 8382 ||| STAIRDANCE
  8384 | D:9      | 8384 ||| INVOKING Heroism.
  8596 | D:10     | Reached skill level 9 in Shields
  8598 | D:10     | 8598 ||| INVOKING Heroism.
  8672 | D:10     | 8672 ||| INVOKING Heroism.
  8675 | D:10     | Reached skill level 6 in Invocations
  8833 | D:10     | Found Titizeh's Weapon Boutique.
  8838 | D:10     | 8838 ||| Stepping ~*~*~tactically~*~*~ (stealth).
  8839 | D:10     | 8839 ||| Stepping ~*~*~tactically~*~*~ (stealth).
  8849 | D:10     | 8849 ||| READING scroll labelled GYFYRGH ZEITH.
  8895 | D:10     | 8895 ||| Stepping ~*~*~tactically~*~*~ (stealth).
  8947 | D:10     | 8947 ||| INVOKING Heroism.
  8948 | D:10     | 8948 ||| Stepping ~*~*~tactically~*~*~ (hiding).
  8950 | D:10     | 8950 ||| Stepping ~*~*~tactically~*~*~ (hiding).
  8957 | D:10     | Noticed Amaemon
  8977 | D:10     | Killed Amaemon
  8977 | D:10     | Reached ***** piety under Okawaru
  9072 | D:10     | Received a gift from Okawaru
  9122 | D:10     | Found a staircase to the Lair.
  9137 | D:10     | 9137 ||| INVOKING Heroism.
  9161 | D:10     | Noticed Joseph
  9164 | D:10     | 9164 ||| Stepping ~*~*~tactically~*~*~ (hiding).
  9165 | D:10     | 9165 ||| Stepping ~*~*~tactically~*~*~ (hiding).
  9171 | D:10     | Killed Joseph
  9172 | D:10     | Reached skill level 9 in Fighting
  9252 | D:10     | 9252 ||| INVOKING Heroism.
  9427 | D:10     | 9427 ||| UPGRADING to +0 plate armour.
  9428 | D:10     | 9428 ||| UPGRADING to +0 plate armour.
  9431 | D:10     | 9431 ||| UPGRADING to +0 plate armour.
  9433 | D:10     | 9433 ||| UPGRADING to +0 plate armour.
  9443 | D:10     | 9443 ||| DROPPING +2 chain mail of poison resistance.
  9444 | D:10     | 9444 ||| UPGRADING to +0 pair of boots.
  9449 | D:10     | 9449 ||| READING 4 scrolls of enchant armour.
  9449 | D:10     | 9449 ||| ENCHANTING +0 pair of boots.
  9450 | D:10     | 9450 ||| READING 3 scrolls of enchant armour.
  9450 | D:10     | 9450 ||| ENCHANTING +1 pair of boots.
  9451 | D:10     | 9451 ||| READING 2 scrolls of enchant armour.
  9451 | D:10     | 9451 ||| ENCHANTING +0 plate armour.
  9452 | D:10     | 9452 ||| READING scroll of enchant armour.
  9452 | D:10     | 9452 ||| ENCHANTING +1 plate armour.
  9461 | D:10     | 9461 ||| INVOKING Heroism.
  9466 | D:10     | HP: 12/71 [troll (13)]
  9467 | D:10     | 9467 ||| DRINKING 5 potions of heal wounds.
  9469 | D:10     | 9469 ||| FLEEEEING.
  9470 | D:10     | 9470 ||| FLEEEEING.
  9480 | D:10     | 9480 ||| FLEEEEING.
  9481 | D:10     | 9481 ||| FLEEEEING.
  9482 | D:10     | 9482 ||| FLEEEEING.
  9483 | D:10     | 9483 ||| FLEEEEING.
  9484 | D:10     | 9484 ||| FLEEEEING.
  9485 | D:10     | 9485 ||| FLEEEEING.
  9486 | D:10     | 9486 ||| FLEEEEING.
  9487 | D:10     | 9487 ||| FLEEEEING.
  9488 | D:10     | 9488 ||| FLEEEEING.
  9493 | D:10     | 9493 ||| FLEEEEING.
  9494 | D:10     | 9494 ||| FLEEEEING.
  9495 | D:10     | 9495 ||| FLEEEEING.
  9496 | D:10     | 9496 ||| FLEEEEING.
  9497 | D:10     | 9497 ||| FLEEEEING.
  9498 | D:10     | 9498 ||| FLEEEEING.
  9499 | D:10     | 9499 ||| FLEEEEING.
  9500 | D:10     | 9500 ||| FLEEEEING.
  9501 | D:10     | 9501 ||| FLEEEEING.
  9502 | D:10     | 9502 ||| FLEEEEING.
  9503 | D:10     | 9503 ||| FLEEEEING.
  9504 | D:10     | 9504 ||| FLEEEEING.
  9505 | D:10     | 9505 ||| FLEEEEING.
  9506 | D:10     | 9506 ||| FLEEEEING.
  9507 | D:10     | 9507 ||| FLEEEEING.
  9508 | D:10     | 9508 ||| FLEEEEING.
  9509 | D:10     | 9509 ||| FLEEEEING.
  9510 | D:10     | 9510 ||| FLEEEEING.
  9511 | D:10     | 9511 ||| FLEEEEING.
  9512 | D:10     | 9512 ||| FLEEEEING.
  9513 | D:10     | 9513 ||| FLEEEEING.
  9514 | D:10     | 9514 ||| FLEEEEING.
  9515 | D:10     | 9515 ||| FLEEEEING.
  9519 | D:10     | 9519 ||| FLEEEEING.
  9520 | D:10     | 9520 ||| FLEEEEING.
  9521 | D:10     | 9521 ||| FLEEEEING.
  9522 | D:10     | 9522 ||| FLEEEEING.
  9523 | D:10     | 9523 ||| FLEEEEING.
  9524 | D:10     | 9524 ||| FLEEEEING.
  9525 | D:10     | 9525 ||| FLEEEEING.
  9526 | D:10     | 9526 ||| FLEEEEING.
  9531 | D:10     | 9531 ||| STAIRDANCE
  9613 | D:9      | 9613 ||| DRINKING 2 smoky amethyst potions.
  9816 | D:10     | 9816 ||| UPGRADING to +4 plate armour.
  9819 | D:10     | 9819 ||| FLEEEEING.
  9820 | D:10     | 9820 ||| FLEEEEING.
  9844 | D:10     | 9844 ||| UPGRADING to +4 plate armour.
  9854 | D:10     | 9854 ||| DROPPING +2 plate armour.
  9855 | D:10     | 9855 ||| PLANNING LAIR
  9897 | Lair:1   | Entered Level 1 of the Lair of Beasts
  9918 | Lair:1   | Noticed a boulder beetle
  9919 | Lair:1   | 9919 ||| INVOKING Heroism.
  9945 | Lair:1   | Killed a boulder beetle
  9946 | Lair:1   | Reached skill level 6 in Armour
  9946 | Lair:1   | Reached XP level 12. HP: 76/76 MP: 18/18
  9953 | Lair:1   | 9953 ||| INVOKING Heroism.
 10062 | Lair:1   | 10062 ||| Stepping ~*~*~tactically~*~*~ (stealth).
 10185 | Lair:1   | 10185 ||| INVOKING Heroism.
 10209 | Lair:1   | Reached skill level 9 in Invocations
 10296 | Lair:1   | 10296 ||| INVOKING Heroism.
 10411 | Lair:1   | 10411 ||| READING scroll of brand weapon.
 10411 | Lair:1   | 10411 ||| BRANDING +2 war axe of flaming.
 10412 | Lair:1   | 10412 ||| SWAPPING to +0 broad axe.
 10413 | Lair:1   | 10413 ||| DROPPING +2 war axe of venom.
 10450 | Lair:1   | Identified the +0 scale mail of Dishonour {rF- rN+ rCorr
                  | Int+2}
 10482 | Lair:1   | 10482 ||| INVOKING Heroism.
 10506 | Lair:1   | 10506 ||| INVOKING Heroism.
 10538 | Lair:1   | 10538 ||| Stepping ~*~*~tactically~*~*~ (stealth).
 10631 | Lair:1   | Received a gift from Okawaru
 10829 | Lair:2   | Noticed a six-headed hydra
 10830 | Lair:2   | 10830 ||| INVOKING Heroism.
 10831 | Lair:2   | 10831 ||| INVOKING Finesse.
 10848 | Lair:2   | 10848 ||| STAIRDANCE
 10848 | Lair:2   | HP: 19/76 [11-headed hydra (12)]
 10851 | Lair:1   | HP: 9/76 [13-headed hydra (11)]
 10852 | Lair:1   | 10852 ||| DRINKING 4 potions of heal wounds.
 10855 | Lair:1   | 10855 ||| DRINKING 3 potions of heal wounds.
 10856 | Lair:1   | 10856 ||| DRINKING 2 potions of heal wounds.
 10861 | Lair:1   | HP: 16/76 [20-headed hydra (8)]
 10861 | Lair:1   | HP: 3/76 [20-headed hydra (6)]
 10861 | Lair:1   | Slain by a 20-headed hydra

Levels and vault maps discovered:
D:1:      matt_arrival_refuge, layout_basic
D:2:      layout_basic, minmay_hexomino_p4
D:3:      layout_basic, gammafunk_ghost_stat_death, uniq_natasha
D:4:      minmay_chambers_of_twos, layout_gridville, serial_shops, shop,
          minivault_19
D:5:      layout_rooms, mainiacjoe_overflow_chevrons, overflow_temple_1_default
D:6:      layout_loops_ring, mainiacjoe_overflow_alcove_3,
          chequers_temple_overflow_statue_of_worship,
          minmay_temple_entry_slanted, uniq_maggie
D:7:      layout_basic, enter_bailey_2, kennysheep_cross_room,
          minmay_fractal_squares_5
D:8:      layout_basic, uniq_erica, uniq_prince_ribbit1, uniq_grum
D:9:      layout_cave_pools, mainiacjoe_overflow_concentric_impassable,
          yredelemnul_forgotten_temple_becter, minmay_misc_feat_chi,
          kennysheep_just_a_vault, uniq_maurice
D:10:     layout_long_grid, david_lair_generic, erik_orc_2, serial_shops,
          nicolae_shop_stone, grunt_ministairs_7, minmay_increasing_density,
          uniq_amaemon, uniq_joseph
Temple:   nicolae_temple_godzebo
Lair:1:   minmay_lair_oklob_chamber, layout_hall_layers
Lair:2:   layout_cave_shapes, minmay_shoals_entry_hut

Skill      XL: |  1  2  3  4  5  6  7  8  9 10 11 12 |
---------------+-------------------------------------+-----
Axes           | 2 3 4 5 6 7 8 10 11 | 11.5
Fighting       | 4 5 6 7 8 9 |  9.0
Dodging        | 1 2 |  2.0
Armour         | 5 6 8 |  8.1
Shields        | 4 8 10 | 10.0
Invocations    | 4 8 10 | 10.0
Throwing       | 1 |  1.1

Action                     |  1- 3 |  4- 6 |  7- 9 | 10-12 || total
---------------------------+-------+-------+-------+-------++-------
  Melee: War axe           |   133 |   127 |   301 |   414 ||   975
         Broad axe         |       |       |       |    57 ||    57
  Throw: Boomerang         |       |       |     8 |    47 ||    55
 Invoke: Heroism           |       |       |     6 |    15 ||    21
         Finesse           |       |       |       |     1 ||     1
    Use: Scroll            |     5 |     7 |     4 |     6 ||    22
         Potion            |       |       |     4 |     5 ||     9
   Stab: Distracted        |       |       |       |     1 ||     1
 Armour: Scale mail        |    68 |    54 |       |       ||   122
         Chain mail        |       |     8 |   149 |   208 ||   365
         Plate armour      |       |       |       |   136 ||   136
  Dodge: Dodged            |    56 |    59 |   105 |   226 ||   446
  Block: Buckler           |    28 |    25 |    41 |    23 ||   117
         Kite shield       |       |       |       |   219 ||   219

Table legend:
 A = Non-vault XP
 B = Vault XP
 C = Vault XP percentage of total XP
 D = Non-vault monster count
 E = Vault monster count
 F = Vault count percentage of total count
                 A         B        C        D         E       F
            +---------+---------+-------+---------+---------+-------
      Total |   17279 |    8959 |  34.1 |     264 |      58 |  18.0
            +---------+---------+-------+---------+---------+-------
        D:1 |      45 |       0 |   0.0 |      28 |       0 |   0.0
        D:2 |      38 |       6 |  13.6 |      15 |       4 |  21.1
        D:3 |     210 |      35 |  14.3 |      28 |       1 |   3.4
        D:4 |     412 |     113 |  21.5 |      21 |       8 |  27.6
        D:5 |     550 |       0 |   0.0 |      20 |       0 |   0.0
        D:6 |    1015 |     350 |  25.6 |      22 |       1 |   4.3
        D:7 |     902 |     396 |  30.5 |      31 |       7 |  18.4
        D:8 |    1708 |    1787 |  51.1 |      25 |       7 |  21.9
        D:9 |     773 |    2485 |  76.3 |      16 |       9 |  36.0
       D:10 |    3335 |    3267 |  49.5 |      28 |      20 |  41.7
     Lair:1 |    8198 |     520 |   6.0 |      29 |       1 |   3.3
     Lair:2 |      93 |       0 |   0.0 |       1 |       0 |   0.0
            +---------+---------+-------+---------+---------+-------
